Map: Tours du crépuscule

Players

Üputz - Winner!

  • Race: Zerg Zerg
  • League: Silver

pupu

  • Race: Protoss Protoss
  • League: Silver

VOD

Have the link to the VOD?

Description

Time

  • Played on: April 10, 2016, 8:41 a.m.
  • Length: 7:14
Show
View Real Time Build Order
Export as new Build Order

Üputz Zerg - Winner!

Build Orders: Hatch First 

Get SALT Encoding   

  12  0:01  Drone  
  13  0:12  Overlord  
  13  0:18  Drone  
  14  0:31  Drone x2  
  14  0:34  Drone  
  18  0:57  Drone  
  18  0:58  Hatchery  
  17  1:05  Drone  
  17  1:07  Drone  
  19  1:18  Spawning Pool  
  19  1:21  Extractor  
  19  1:24  Overlord  
  17  1:33  Drone  
  18  1:46  Drone  
  19  1:56  Drone  
  20  2:03  Drone  
  20  2:05  Queen  
  23  2:16  Drone x2  
  23  2:17  Roach Warren  
  23  2:19  Queen  
  26  2:24  Drone x2  
  28  2:31  Extractor  
  28  2:32  Drone  
  28  2:37  Zergling x2  
  28  2:53  Drone x2  
  30  3:08  Drone x2  
  30  3:11  Extractor  
  30  3:12  Drone x2  
  33  3:18  Roach  
  35  3:22  Lair  
  35  3:33  Spore Crawler  
  34  3:40  Spore Crawler  
  33  3:41  Roach  
  33  3:44  Overlord x2  
  37  4:03  Roach x4  
  43  4:12  Roach  
  45  4:18  Drone  
  45  4:22  Spire  
  45  4:35  Extractor  
  45  4:38  Drone x6  
  50  4:50  Overlord  
  50  4:51  Overlord  
  50  4:57  Drone  
  51  5:02  Drone  
  51  5:04  Overlord x2  
  52  5:14  Overseer  
  52  5:16  Pneumatized Carapace  
  52  5:23  Drone x2  
  54  5:35  Mutalisk x4  
  62  5:47  Mutalisk  
  64  6:02  Mutalisk  
  66  6:05  Mutalisk  
  66  6:06  Hatchery  
  67  6:15  Drone  
  67  6:17  Mutalisk  
  70  6:28  Mutalisk  
  72  6:38  Drone x6  
  78  6:46  Drone  
  78  6:47  Drone  
Show
View Real Time Build Order
Export as new Build Order

pupu Protoss 

Build Orders: Nexus First 

Get SALT Encoding   

  12  0:00  Probe (Chrono Boost)  
  13  0:11  Probe (Chrono Boost)  
  14  0:23  Probe (Chrono Boost)  
  14  0:25  Pylon  
  15  0:55  Nexus  
  15  1:05  Gateway  
  15  1:09  Probe (Chrono Boost)  
  16  1:19  Probe (Chrono Boost)  
  16  1:20  Assimilator  
  17  1:26  Assimilator  
  17  1:30  Probe (Chrono Boost)  
  18  1:40  Probe (Chrono Boost)  
  19  1:51  Probe (Chrono Boost)  
  20  1:58  Cybernetics Core  
  20  2:01  Probe (Chrono Boost), Pylon  
  21  2:12  Probe (Chrono Boost)  
  21  2:13  Zealot (Chrono Boost)  
  24  2:23  Probe  
  25  2:31  Probe  
  25  2:36  Probe  
  27  2:41  Warp Gate (Chrono Boost)  
  27  2:43  Gateway  
  27  2:56  Gateway  
  27  2:57  Gateway  
  27  3:00  Twilight Council  
  27  3:01  Probe  
  27  3:03  Probe  
  29  3:12  Stalker  
  31  3:15  Probe x2  
  33  3:26  Probe  
  33  3:27  Probe  
  33  3:30  Assimilator  
  35  3:39  Probe, Charge (Chrono Boost)  
  36  3:48  Adept  
  38  4:00  Probe  
  38  4:01  Probe  
  40  4:08  Adept  
  40  4:09  Zealot x2  
  46  4:19  Pylon  
  46  4:26  Pylon  
  46  4:29  Pylon  
  46  4:31  Assimilator  
  46  4:37  Probe x2  
  48  4:45  Forge  
  48  4:47  Gateway  
  48  4:49  Probe x2  
  50  5:01  Probe x2  
  50  5:04  Pylon  
  52  5:07  Pylon  
  52  5:13  Probe x2, Nexus  
  54  5:25  Probe x2  
  54  5:27  Zealot x3  
  62  5:36  Resonating Glaives (Chrono Boost)  
  62  5:45  Probe x2  
  64  5:57  Probe x2  
  64  5:59  Pylon  
  66  6:04  Pylon  
  66  6:06  Pylon  
  66  6:09  Mothership Core  
  66  6:10  Pylon  
  66  6:11  Zealot x4  
  74  6:17  Probe  
  77  6:26  Gateway  
  77  6:29  Probe  
  77  6:30  Gateway  
  78  6:38  Probe  
  78  6:39  Probe  
  80  6:40  Gateway  
  80  6:42  Probe, Gateway  
  80  6:45  Zealot  
  80  6:46  Zealot  
  85  6:49  Sentry x2  
  89  6:58  Probe  
  89  7:00  Probe x2  
Tags
 
Add a new tag
Caveats
  • Supply blocks, unpowered buildings, or Contaminate may cause inaccurate times.
  • Supply counts are checked every 10 seconds.